AoeStats
← Juanfreelance

Nomad

507186814Analyzed
2v2 RM · 15d ago on Sep 17, 2026· 41m 47s· 4 players
Game mode
Random Map
Map size
176×176
Population
200
Speed
Normal
Resources
Standard
Victory
Conquest
Starting age
Dark Age
Ending age
Imperial Age
RankedLock teamsTeams togetherTeam positionsShared explorationLock speedFull tech treeHidden civsTurbo modeCheats
Victory
Defeat
🇵🇦 Portuguese · Panama
1242
+11
🇧🇷 Vikings · Brazil
1193
+13
🇨🇱 Persians · Chile
1170
-13
🇨🇱 Maya · Chile
1108
-11
Bigode Grosso
5:39 Loom
13:17 Feudal Age
13:58 Double-Bit Axe
16:07 Gold Mining
17:22 Stone Mining
20:49 Castle Age
18:48 Fishing Lines
20:52 Pikeman
25:23 Gillnets
25:49 Scale Mail Armor
26:21 Fletching
28:38 Gold Shaft Mining
28:11 Town Watch
29:40 Chain Mail Armor
29:35 Forging
35:27 Imperial Age
35:52 Iron Casting
35:13 Bodkin Arrow
36:51 Conscription
36:53 Bracer
38:04 Plate Mail Armor
38:34 Blast Furnace
37:42 Gambesons
37:54 Arson
41:53 Chieftains
Juanfreelance
5:25 Loom
13:22 Feudal Age
14:15 Horse Collar
14:22 Double-Bit Axe
23:36 Castle Age
24:56 Bloodlines
24:46 Husbandry
26:40 Forging
30:37 Wheelbarrow
32:41 Iron Casting
33:55 Scale Barding Armor
35:14 Heavy Plow
35:52 Chain Barding Armor
36:00 Hand Cart
36:13 Bow Saw
36:51 Town Watch
38:17 Town Patrol
43:06 Imperial Age
Elo Musk
9:04 Loom
12:37 Feudal Age
17:44 Castle Age
18:06 Double-Bit Axe
21:24 Loom
22:29 Forging
27:10 Bow Saw
27:43 Pikeman
30:21 Iron Casting
32:49 Horse Collar
38:08 Scale Mail Armor
37:59 Fletching
38:31 Masonry
fack1u
4:57 Loom
14:14 Feudal Age
17:47 Castle Age
17:49 Bloodlines
17:53 Forging
17:48 Scale Barding Armor
19:32 Iron Casting
19:21 Double-Bit Axe
21:31 Bow Saw
22:33 Fishing Lines
26:18 Scale Mail Armor
26:56 Thumb Ring
27:18 Fletching
27:28 Padded Archer Armor
28:53 Wheelbarrow
41:17 Imperial Age
39:51 Hand Cart
39:47 Kamandaran
41:01 Fletching
41:11 Padded Archer Armor
41:32 Crossbowman
Connection lost

Rejoining the realm…

Still unreachable

The connection could not be restored.

Session expired

The server has moved on; the page needs a fresh start.